 Dungeon Crawl Stone Soup version 0.26-a0-520-g952f204493 (webtiles) character file.

Game seed: 6594011906354071052

0 Gargoyl the Skirmisher (level 1, -7/23 HPs)
             Began as a Gnoll Abyssal Knight on Aug 12, 2020.
             Was a Follower of Lugonu.
             Killed by divine providence
             ... invoked by a smoke demon
              (15 damage)
             ... on level 2 of the Abyss.
             The game lasted 00:00:15 (81 turns).

Gargoyl the Skirmisher (Gnoll Abyssal Knight)         Turns: 81, Time: 00:00:15

Health: -7/23      AC:  3    Str: 14    XL:     1   Next: 0%
Magic:  3/3        EV: 12    Int: 14    God:    Lugonu [*.....]
Gold:   82         SH:  0    Dex: 14    Spells: 0/0 levels left

rFire    . . .     SeeInvis .   a - +1 hand axe
rCold    . . .     Faith    .   (no shield)
rNeg     . . .     Spirit   .   b - +0 leather armour
rPois    .         Reflect  .   (no helmet)
rElec    .         Harm     .   (no cloak)
rCorr    .                      (no gloves)
MR       .....                  (no boots)
Stlth    +.........             (no amulet)
HPRegen  0.07/turn              (no ring)
MPRegen  0.08/turn              (no ring)

@: liquid flames, about to teleport, glowing
A: distributed training, fangs 1, strong nose
a: Depart the Abyss, Renounce Religion


You were on level 2 of the Abyss.
You worshipped Lugonu.
Lugonu was aware of your devotion.
You visited 0 branches of the dungeon, and saw 0 of its levels.
You visited the Abyss 1 time.

You collected 82 gold pieces.

Inventory:

Hand Weapons
 a - a +1 hand axe (weapon)
Armour
 b - a +0 leather armour (worn)
Potions
 c - a potion of might {unknown}
 d - a potion of haste {unknown}


   Skills:
 + Level 6.4 Fighting
 + Level 0.0 Short Blades
 + Level 0.0 Long Blades
 + Level 4.4 Axes
 + Level 0.0 Maces & Flails
 + Level 0.0 Polearms
 + Level 0.0 Staves
 + Level 0.0 Slings
 + Level 0.0 Bows
 + Level 0.0 Crossbows
 + Level 0.0 Throwing
 + Level 4.4 Armour
 + Level 2.3 Dodging
 + Level 0.0 Stealth
 + Level 0.0 Shields
 + Level 0.0 Unarmed Combat
 + Level 0.0 Spellcasting
 + Level 0.0 Conjurations
 + Level 0.0 Hexes
 + Level 0.0 Summonings
 + Level 0.0 Necromancy
 + Level 0.0 Translocations
 + Level 0.0 Transmutations
 + Level 0.0 Fire Magic
 + Level 0.0 Ice Magic
 + Level 0.0 Air Magic
 + Level 0.0 Earth Magic
 + Level 0.0 Poison Magic
 + Level 4.4 Invocations
 + Level 0.0 Evocations


You couldn't memorise any spells.
You didn't know any spells.
Your spell library was empty.

Dungeon Overview and Level Annotations

Branches:
Dungeon (0/15)

Altars:


Innate Abilities, Weirdness & Mutations

Your experience applies equally to all skills.
You have very sharp teeth.
Your uncanny sense of smell can sniff out nearby items.


Message History

It was a scroll of teleportation.
A large abomination comes into view.
A blizzard demon comes into view.
A tentacled starspawn comes into view.
The blizzard demon shouts!
Tentacles burst from the starspawn's body! 2 starspawn tentacles come into view.
A ynoxinul comes into view.
The ynoxinul bellows!
A smoke demon comes into view.
The smoke demon roars!
The smoke demon gestures at you. The sticky flame hits you.
You are covered in liquid flames!
The ynoxinul hits you!
You are covered in liquid flames!
The smoke demon gestures at you. Something smites you!
Ouch! That really hurt!
You die...

. .. .. . ## #
#.#. .#. . #
...## #.#..#..
#..##.#...##
#@..#.#..# #
##....3....
#.3#.##.#
#.#...#. ∆
####....#
..#.# #R#..#
##
#.∆#....##.# .
#.###..#...#.#
..###..
##w##..#...


You could see a rakshasa, a smoke demon and a ynoxinul.

Vanquished Creatures (others)
  2 starspawn tentacles (Abyss:2)
2 creatures vanquished.

Notes
Turn   | Place    | Note
-------+----------+-------------------------------------------
     0 | Abyss:1  | Gargoyl the Gnoll Abyssal Knight began the quest for the
                  | Orb.
     0 | Abyss:1  | Reached XP level 1. HP: 23/23 MP: 3/3
    25 | Abyss:2  | Found a corrupted altar of Lugonu.
    66 | Abyss:2  | Noticed a rakshasa
    68 | Abyss:2  | Noticed a large abomination
    69 | Abyss:2  | Noticed a blizzard demon
    70 | Abyss:2  | Noticed a tentacled starspawn
    75 | Abyss:2  | Noticed a ynoxinul
    76 | Abyss:2  | Noticed a smoke demon
    81 | Abyss:2  | Killed from afar by a smoke demon

Illustrated notes

Levels and vault maps discovered:
Abyss:2

Action                   || total
-------------------------++-------
  Use: Scroll            ||     1

Table legend: (Time is in decaauts)
 A = Elapsed time spent in this place.
 B = Non-inter-level travel time spent in this place.
 C = Inter-level travel time spent in this place.
 D = Time resting spent in this place.
 E = Time spent auto-exploring this place.
 F = Levels seen in this place.
 G = Mean time per level.
                   A        B        C        D        E       F      G
               +--------+--------+--------+--------+--------+-----+--------+
         Total |     80 |     80 |      0 |      0 |     53 |   2 |   40.0 |
         Abyss |     80 |     80 |      0 |      0 |     53 |   2 |   40.0 |
               +--------+--------+--------+--------+--------+-----+--------+

Top non-repeatable levels by time:
 Abyss:2: 55 daAuts
 Abyss:1: 25 daAuts
